 Dungeon Crawl Stone Soup version 0.27-a0-1232-gc6a4cbde82 (webtiles) character file.

Game seed: 10465163306109315803

107 ZappyNine the Skirmisher (level 4, 0/50 HPs)
             Began as an Ogre Fighter on June 8, 2021.
             Slain by a jackal (2 damage)
             ... on level 3 of the Dungeon.
             The game lasted 00:02:53 (2697 turns).

ZappyNine the Skirmisher (Ogre Fighter)             Turns: 2697, Time: 00:02:54

Health: 0/50       AC:  3    Str: 20    XL:     4   Next: 86%
Magic:  4/4        EV:  8    Int:  9    God:
Gold:   62         SH:  8    Dex:  9    Spells: 3/3 levels left

rFire    . . .     SeeInvis .   a - +0 flail
rCold    . . .     Faith    .   c - +0 kite shield
rNeg     . . .     Spirit   .   b - +0 robe
rPois    .         Reflect  .   (helmet restricted)
rElec    .         Harm     .   (no cloak)
rCorr    +         Rampage  .   (gloves unavailable)
Will     .....                  (boots unavailable)
Stlth    +.........             n - amulet of the acrobat
HPRegen  0.16/turn              j - ring of resist corrosion
MPRegen  0.09/turn              (no ring)

@: mighty
A: large, unfitting armour, tough skin 1
a: no special abilities


You were on level 3 of the Dungeon.
You visited 1 branch of the dungeon, and saw 3 of its levels.

You collected 62 gold pieces.

Inventory:

Hand Weapons
 a - a +0 flail (weapon)
Armour
 b - a +0 robe (worn)
 c - a +0 kite shield (worn)
Jewellery
 g - a ring of magical power
 i - a +6 ring of intelligence
 j - a ring of resist corrosion (left hand)
 n - an amulet of the acrobat (around neck)
Wands
 m - a wand of digging (4)
Scrolls
 e - 2 scrolls of vulnerability {unknown}
 f - a scroll of identify
 h - a scroll of enchant armour {unknown}
 l - 2 scrolls of immolation {unknown}


   Skills:
 + Level 5.2 Fighting
 + Level 2.9 Maces & Flails
 + Level 3.5 Dodging
 - Level 2.6 Shields


You had 3 spell levels left.
You didn't know any spells.
Your spell library contained the following spells:

 Spells                   Type           Power      Damage    Failure   Level
 Magic Dart               Conj           0%         1d3       85%         1
 Searing Ray              Conj           0%         3d3       94%         2
 Dazzling Flash           Conj/Hex       0%         N/A       99%         3
 Fulminant Prism          Conj/Hex       0%         3d6       100%        4
 Iskenderun's Mystic Bla  Conj/Tloc      0%         2d3       100%        4


Dungeon Overview and Level Annotations

Branches:
Dungeon (3/15)

Altars:

Shops:
D:3 !

Annotations:
D:3 Grinder, Natasha, Robin


Innate Abilities, Weirdness & Mutations

You are too large for most types of armour.
You have tough skin. (AC +1)


Message History

You closely miss the jackal.
Grinder blinks!
The jackal barely misses you. The jackal completely misses you.
Unknown command.
You sock the jackal!
You kill the jackal!
Natasha mumbles some strange words.
You block the jackal's attack.
The white imp sputters.
Unknown command.
Unknown command.
You miss the jackal. You block the jackal's attack. The jackal misses you.
Unknown command.
You closely miss the jackal. The jackal bites you.
* * * LOW HITPOINT WARNING * * *
Natasha wildly gestures.
Natasha shimmers violently.
The jackal bites you.
* * * LOW HITPOINT WARNING * * *
Unknown command.
You hit the jackal.
The jackal is lightly wounded.
The jackal bites you.
* * * LOW HITPOINT WARNING * * *
The jackal bites you but does no damage.
Unknown command.
Unknown command.
You hit the jackal.
You kill the jackal!
Grinder blinks!
The jackal bites you.
* * * LOW HITPOINT WARNING * * *
Unknown command.
You barely miss the jackal. You block the jackal's attack.
The jackal bites you.
* * * LOW HITPOINT WARNING * * *
Unknown command.
Unknown command.
You sock the jackal!
You kill the jackal!
The jackal bites you.
You die...

............. ..§...5....> . .
### ..h........# .. .. ...
........$..###.. ... ...
............... .... . .
............# ..... ##. .
..#.......5h###...... ##.# #
..........5hh@........ #..###
...#####.######......>.##.....
..... ...........### #........
####.###..... #..........#
##### ##.... #..........#
#$.ggg###..... #......$...#
#.∩$.g.......# #...........
..$$..##.....# #.....##.....#


You could see Grinder, a crimson imp (summoned), a white imp (summoned) and 3
jackals.

Vanquished Creatures
  An orc priest (D:2)
  An adder (D:2)
  2 dart slugs (D:2)
  4 orcs (D:2)
  5 ball pythons
  3 endoplasms
  A giant cockroach (D:1)
  7 goblins
  4 hobgoblins
  8 jackals
  6 quokkas
  5 bats
  4 frilled lizards
  A kobold (D:2)
  4 rats
56 creatures vanquished.

Notes
Turn   | Place    | Note
-------+----------+-------------------------------------------
     0 | D:1      | ZappyNine the Ogre Fighter began the quest for the Orb.
     0 | D:1      | Reached XP level 1. HP: 24/24 MP: 1/1
   210 | D:1      | Reached XP level 2. HP: 32/32 MP: 2/2
   550 | D:1      | Found a faded altar of an unknown god.
  1020 | D:2      | Reached XP level 3. HP: 17/40 MP: 3/3
  1811 | D:2      | Reached XP level 4. HP: 47/49 MP: 4/4
  2129 | D:2      | Reached skill level 5 in Fighting
  2658 | D:3      | Found Raiq's Distillery.
  2659 | D:3      | Noticed Robin
  2678 | D:3      | Noticed Natasha
  2679 | D:3      | Noticed Grinder
  2695 | D:3      | HP: 2/50 [jackal (1)]
  2697 | D:3      | Slain by a jackal

Illustrated notes

Levels and vault maps discovered:
D:1:      lordsloth_arrival_two_stooges, layout_basic, basic_ecumenical_altar
D:2:      layout_rooms, kennysheep_generic_room_11
D:3:      layout_rooms, serial_shops, shop_coins, serial_rivers,
          chequers_serial_rivers_large_a, chequers_serial_rivers_micro_c,
          chequers_serial_rivers_large_b, chequers_serial_rivers_room_a,
          uniq_robin, uniq_grinder, uniq_natasha

Skill      XL: |  1  2  3  4 |
---------------+-------------+-----
Maces & Flails | 2 |  2.9
Dodging        | 3 |  3.5
Fighting       | 5 |  5.2
Shields        | |  2.6

Action                   |  1- 3 |  4- 6 || total
-------------------------+-------+-------++-------
Melee: Flail             |   109 |    80 ||   189
  Use: Scroll            |       |     2 ||     2
       Potion            |       |     1 ||     1
Armor: Robe              |    33 |    51 ||    84
Dodge: Dodged            |    41 |    48 ||    89
Block: Kite shield       |    71 |    62 ||   133

Table legend: (Time is in decaauts)
 A = Elapsed time spent in this place.
 B = Non-inter-level travel time spent in this place.
 C = Inter-level travel time spent in this place.
 D = Time resting spent in this place.
 E = Time spent auto-exploring this place.
 F = Levels seen in this place.
 G = Mean time per level.
                   A        B        C        D        E       F      G
               +--------+--------+--------+--------+--------+-----+--------+
         Total |   2796 |   2751 |     45 |    729 |   1503 |   3 |  932.0 |
       Dungeon |   2796 |   2751 |     45 |    729 |   1503 |   3 |  932.0 |
               +--------+--------+--------+--------+--------+-----+--------+

Top non-repeatable levels by time:
     D:2: 1519 daAuts
     D:1: 1029 daAuts
     D:3: 247 daAuts
